 Dungeon Crawl Stone Soup version 0.24-a0-70-gf44d0c5 (webtiles) character file.

Game seed: 10676156983521418561

4816 galech the Cleaver (level 10, -8/77 HPs)
             Began as a Demonspawn Fighter on Feb 6, 2019.
             Mangled by a two-headed ogre
             ... wielding a +0 giant spiked club
              (19 damage)
             ... on level 8 of the Dungeon.
             The game lasted 00:09:17 (6661 turns).

galech the Cleaver (Demonspawn Fighter)             Turns: 6661, Time: 00:09:18

Health: -8/77      AC: 20    Str: 16    XL:     10   Next: 24%
Magic:  10/10      EV:  9    Int: 11    God:
Gold:   276        SH: 11    Dex: 20    Spells: 9/9 levels left

rFire    . . .     SeeInvis .   a - +1 war axe
rCold    + . .     Gourm    .   c - +0 shield
rNeg     . . .     Faith    .   n - +0 plate armour
rPois    .         Spirit   .   p - +0 helmet
rElec    .         Reflect  .   z - +2 cloak
rCorr    .         Harm     .   (no gloves)
MR       .....                  (boots unavailable)
Stlth    ..........             (no amulet)
HPRegen  0.22/turn              e - ring of protection from cold
MPRegen  0.12/turn              (no ring)

@: agile
A: hooves 3, molten scales 2, powered by pain 1
a: no special abilities


You were on level 8 of the Dungeon.
You were hungry.

You visited 2 branches of the dungeon, and saw 9 of its levels.

You collected 276 gold pieces.

Inventory:

Hand Weapons
 a - a +1 war axe (weapon)
 s - a +2 whip of flaming
Armour
 c - a +0 shield (worn)
 n - a +0 plate armour (worn)
 p - a +0 helmet (worn)
 u - a +1 ring mail of cold resistance
 z - a +2 cloak (worn)
Jewellery
 e - a ring of protection from cold (left hand)
Wands
 d - a wand of clouds (5)
 t - a wand of paralysis (5)
Scrolls
 j - 7 scrolls of remove curse
 l - 2 scrolls of teleportation
 r - a scroll of noise
 v - 2 scrolls of enchant weapon
 w - a scroll of identify
 x - a scroll of random uselessness {unknown}
 y - 3 scrolls of fear {unknown}
Potions
 b - 2 potions of haste {unknown}
 g - 9 potions of curing
 h - a potion of cancellation {unknown}
 i - a potion of mutation {unknown}
 k - a potion of invisibility
 m - a potion of berserk rage {unknown}
 o - a potion of degeneration {unknown}
 q - 2 potions of heal wounds {unknown}
 B - a potion of lignification {unknown}
Comestibles
 f - 8 rations
 A - 25 chunks of flesh


   Skills:
 + Level 6.3 Fighting
 + Level 9.6 Axes
 + Level 6.8 Armour
 + Level 2.1 Dodging
 + Level 1.1 Stealth
 + Level 6.1 Shields


You had 9 spell levels left.
You didn't know any spells.
Your spell library contained the following spells:

 Spells                   Type           Power        Failure   Level  Hunger
 Corona                   Hex            #......      100%        1    ##.....
 Slow                     Hex            #.......     100%        2    ###....
 Inner Flame              Hex/Fire       #.......     100%        3    ####...
 Portal Projectile        Hex/Tloc       #.....       100%        3    ####...
 Cause Fear               Hex            #.........   100%        4    #####..
 Leda's Liquefaction      Hex/Erth       #.........   100%        4    #####..


Dungeon Overview and Level Annotations

Branches:
Dungeon (8/15)             Temple (1/1) D:5
   Lair: D:8-11

Altars:
Cheibriados
Dithmenos
Elyvilon
Fedhas
Gozag
Hepliaklqana
Qazlal
Sif Muna
Trog
Vehumet
Wu Jian
Xom
Yredelemnul
Zin
The Shining One

Shops:
D:4 }   D:6 ?

Annotations:
D:3 2 runed translucent doors, Duffy's ghost, amateur NaFi
D:7 1 runed translucent door, NorthaanB's ghost, novice DsFi


Innate Abilities, Weirdness & Mutations

You have hooves in place of feet.
You are mostly covered in molten scales. (AC +3)
You sometimes gain a little power by taking damage.


Message History

Your shield and plate armour prevent you from hitting the two-headed ogre.
The two-headed ogre is severely wounded.
You slash the bullfrog!
You kill the bullfrog!
The two-headed ogre hits you with a +0 giant spiked club!
* * * LOW HITPOINT WARNING * * *
You focus on the pain.
You feel agile all of a sudden. You block the two-headed ogre's attack.
You slash the two-headed ogre! Your kick misses the two-headed ogre.
The two-headed ogre is almost dead.
You block the two-headed ogre's attack. x2
You hit the two-headed ogre. Your kick misses the two-headed ogre.
The two-headed ogre is almost dead.
You hit the two-headed ogre but do no damage.
You kick the two-headed ogre.
The two-headed ogre is almost dead.
The two-headed ogre closely misses you.
The two-headed ogre hits you with a cursed -1 giant club!!
You die...

###.##.#..#..P..####..PP....
..
..........#.PPPP...P.P....##
..............P.P...P......
###.##.##....P..P.......
....##.##.......P.P.PPP.
###.##.##...# #....P.#
#.........# ##†#..###.
#.##......# #.# ....#
#.##..#.#.####@# ....#
............#.O+ .....
#.....#.#...#..#......
#.##..........÷#......
............((.........
##.##.....#..#.)#..##.. .
#........#.........
.......#............
##.....#........#...


You could see a two-headed ogre.

Vanquished Creatures
  A two-headed ogre (D:7)
  Pikel (D:5)
  A centaur skeleton (D:7)
  A hornet (D:7)
  Prince Ribbit (D:6)
  A hippogriff (D:8)
  Sigmund (D:2)
  Eustachio (D:6)
  Edmund (D:5)
  2 porcupines (D:8)
  A black bear (D:8)
  A slave (D:6)
  2 ice beasts (D:5)
  3 ogres
  2 sky beasts (D:5)
  4 centaurs
  A crocodile (D:7)
  3 bullfrogs
  A water moccasin zombie (D:7)
  A scorpion (D:8)
  3 crimson imps
  2 hounds (D:4)
  An orc priest (D:4)
  3 orc wizards
  Crazy Yiuf (D:6)
  2 bullfrog skeletons
  5 iguanas
  4 worker ants
  A killer bee zombie (D:8)
  2 hound zombies
  A hound skeleton (D:7)
  6 gnolls
  5 adders
  3 shadow imps (D:5)
  3 oozes
  An adder zombie (D:8)
  3 adder skeletons
  3 worms
  3 dart slugs
  7 leopard geckos
  16 orcs
  5 giant cockroaches
  9 goblins
  6 hobgoblins
  6 jackals
  2 quokkas
  A ball python (D:1)
  6 bats
  3 frilled lizards
  9 kobolds
  A leopard gecko skeleton (D:5)
  7 rats
160 creatures vanquished.

Notes
Turn   | Place    | Note
-------+----------+-------------------------------------------
     0 | D:1      | galech the Demonspawn Fighter began the quest for the Orb.
     0 | D:1      | Reached XP level 1. HP: 18/18 MP: 1/1
   211 | D:1      | Gained mutation: You are partially covered in molten
                  | scales. (AC +2) [demonic ancestry]
   211 | D:1      | Reached XP level 2. HP: 12/24 MP: 2/2
   344 | D:1      | Reached skill level 2 in Axes
   743 | D:2      | Reached XP level 3. HP: 27/29 MP: 3/3
   850 | D:2      | Found a radiant altar of Vehumet.
   927 | D:2      | Noticed Sigmund
   939 | D:2      | Killed Sigmund
   939 | D:2      | Reached skill level 3 in Axes
   939 | D:2      | Gained mutation: You sometimes gain a little power by
                  | taking damage. [demonic ancestry]
   939 | D:2      | Reached XP level 4. HP: 35/37 MP: 4/4
   939 | D:2      | Gained mutation: You have large cloven feet. [demonic
                  | ancestry]
   939 | D:2      | Reached XP level 5. HP: 40/42 MP: 5/5
  1225 | D:3      | Found a runed translucent door.
  1400 | D:3      | Reached skill level 4 in Axes
  1521 | D:3      | Found a runed translucent door.
  1526 | D:3      | Noticed Duffy's ghost (amateur NaFi)
  1555 | D:3      | Found a bloodstained altar of Trog.
  1821 | D:4      | Gained mutation: You are mostly covered in molten scales.
                  | (AC +3) [demonic ancestry]
  1821 | D:4      | Reached XP level 6. HP: 34/48 MP: 6/6
  2118 | D:4      | Found Jeakhlaoll's Gadget Shop.
  2284 | D:4      | Reached skill level 5 in Axes
  2838 | D:4      | Gained mutation: You have hoof-like feet. [demonic
                  | ancestry]
  2838 | D:4      | Reached XP level 7. HP: 43/54 MP: 7/7
  3033 | D:5      | Entered Level 5 of the Dungeon
  3095 | D:5      | Reached skill level 1 in Dodging
  3129 | D:5      | Noticed Pikel
  3266 | D:6      | Noticed Prince Ribbit
  3277 | D:6      | Found Gasmiss's Magic Scroll Boutique.
  3280 | D:6      | HP: 2/54 [Prince Ribbit (4)]
  3284 | D:6      | Killed Prince Ribbit
  3653 | D:5      | Noticed Edmund
  3660 | D:5      | Killed Edmund
  3660 | D:5      | Reached skill level 6 in Axes
  3666 | D:5      | Killed Pikel
  3666 | D:5      | Reached XP level 8. HP: 46/61 MP: 8/8
  3748 | D:5      | Reached skill level 7 in Axes
  3783 | D:5      | Reached skill level 5 in Armour
  3813 | D:5      | Reached skill level 5 in Fighting
  3965 | D:5      | Reached skill level 1 in Stealth
  4039 | D:5      | Found a staircase to the Ecumenical Temple.
  4047 | Temple   | Entered the Ecumenical Temple
  4182 | D:5      | Gained mutation: You have hooves in place of feet. [demonic
                  | ancestry]
  4182 | D:5      | Reached XP level 9. HP: 33/68 MP: 9/9
  4425 | D:6      | Noticed Eustachio
  4435 | D:6      | Killed Eustachio
  4924 | D:6      | Found a runed translucent door.
  4925 | D:6      | Noticed Crazy Yiuf
  5004 | D:6      | Reached skill level 8 in Axes
  5076 | D:6      | Killed Crazy Yiuf
  5076 | D:6      | Reached skill level 5 in Shields
  5360 | D:7      | HP: 2/68 [centaur warrior skeleton (3)]
  5781 | D:7      | Noticed a two-headed ogre
  5792 | D:7      | Killed a two-headed ogre
  5792 | D:7      | Reached skill level 9 in Axes
  5983 | D:7      | Found a runed translucent door.
  5986 | D:7      | Noticed NorthaanB's ghost (novice DsFi)
  6079 | D:7      | HP: 1/69 [crocodile (9)]
  6083 | D:7      | Reached XP level 10. HP: 1/76 MP: 10/10
  6638 | D:8      | Noticed a two-headed ogre
  6661 | D:8      | Mangled by a two-headed ogre

Vault maps used:
D:1:      roderic_crop_circles_arrival_small, layout_rooms
D:2:      layout_loops_ring, old_standard_altar, first_ration, uniq_sigmund
D:3:      layout_basic, ebering_ghost_sewer_f, trog_hazing_becter
D:4:      layout_loops_corners, serial_shops, kennysheep_mini_moat
D:5:      minmay_opposing_rooms, layout_cave_pools, minmay_temple_entry_grid,
          portal_sewer_entry_f, uniq_edmund, uniq_pikel
D:6:      layout_gridville, serial_shops, shop, grunt_ministairs_8,
          uniq_eustachio, uniq_prince_ribbit1, uniq_crazy_yiuf_cottage
D:7:      layout_rooms, ebering_ghost_reflecting_pool
D:8:      layout_basic, lightli_temple_of_fire, grunt_lair_entry_orc_guard_hut
Temple:   eino_temple_lava

Skill      XL: |  1  2  3  4  5  6  7  8  9 10 |
---------------+-------------------------------+-----
Axes           | 2 3 4 5 6 7 9 |  9.6
Armour         | 3 4 5 6 |  6.8
Shields        | 3 4 5 6 |  6.1
Fighting       | 4 5 6 |  6.3
Dodging        | 1 2 |  2.1
Stealth        | 1 |  1.1

Action                   |  1- 3 |  4- 6 |  7- 9 | 10-12 || total
-------------------------+-------+-------+-------+-------++-------
Melee: War axe           |   114 |   143 |   257 |    72 ||   586
       Kick              |       |    39 |    78 |    22 ||   139
  Use: Potion            |     1 |       |     4 |       ||     5
       Scroll            |       |     1 |     4 |       ||     5
  Eat: Chunk             |       |     6 |     4 |     2 ||    12
       Ration            |       |       |     2 |       ||     2
Armor: Scale mail        |    39 |       |       |       ||    39
       Chain mail        |    51 |    78 |    63 |       ||   192
       Plate armour      |       |       |   152 |    68 ||   220
Dodge: Dodged            |    28 |    52 |    62 |    12 ||   154
Block: Shield            |    51 |    48 |   154 |    68 ||   321
       Buckler           |       |    24 |       |       ||    24

Table legend:
 A = Non-vault XP
 B = Vault XP
 C = Vault XP percentage of total XP
 D = Non-vault monster count
 E = Vault monster count
 F = Vault count percentage of total count
                 A         B        C        D         E       F
            +---------+---------+-------+---------+---------+-------
      Total |    4494 |    2387 |  34.7 |     126 |      33 |  20.8
            +---------+---------+-------+---------+---------+-------
        D:1 |      33 |       0 |   0.0 |      18 |       0 |   0.0
        D:2 |      33 |     223 |  87.1 |      13 |       1 |   7.1
        D:3 |      55 |      12 |  17.9 |      23 |       6 |  20.7
        D:4 |     394 |       0 |   0.0 |      17 |       0 |   0.0
        D:5 |     647 |    1171 |  64.4 |      16 |      17 |  51.5
        D:6 |     236 |     528 |  69.1 |       7 |       5 |  41.7
        D:7 |    2128 |     103 |   4.6 |      16 |       1 |   5.9
        D:8 |     968 |     350 |  26.6 |      16 |       3 |  15.8
            +---------+---------+-------+---------+---------+-------
